 Dungeon Crawl Stone Soup version 0.27-a0-78-g75406f0b48 (webtiles) character file.

Game seed: 10001772173806590576

6 Glundar the Vexing (level 2, 0/16 HPs)
             Began as a Kobold Arcane Marksman on Jan 14, 2021.
             Slain by a hobgoblin
             ... wielding a +0 club
              (4 damage)
             ... on level 1 of the Dungeon.
             The game lasted 00:02:31 (632 turns).

Glundar the Vexing (Kobold Arcane Marksman)          Turns: 632, Time: 00:02:31

Health: 0/16       AC:  3    Str:  7    XL:     2   Next: 0%
Magic:  2/3        EV: 15    Int: 14    God:
Gold:   31         SH:  0    Dex: 15    Spells: 2/3 levels left

rFire    . . .     SeeInvis .   b - -1 club (curse)
rCold    . . .     Faith    .   (shield restricted)
rNeg     . . .     Spirit   .   e - +0 robe
rPois    .         Reflect  .   g - +0 helmet
rElec    .         Harm     .   (no cloak)
rCorr    .         Rampage  .   (no gloves)
Will     .....                  (no boots)
Stlth    ++........             (no amulet)
HPRegen  0.05/turn              (no ring)
MPRegen  0.08/turn              (no ring)

@: no status effects
A: small, nightstalker 3
a: no special abilities


You were on level 1 of the Dungeon.
You visited 1 branch of the dungeon, and saw 1 of its levels.

You collected 31 gold pieces.

Inventory:

Hand Weapons
 a - a +0 hand crossbow
 b - a cursed -1 club (weapon)
 h - a +2 dagger of pain
Missiles
 d - 20 bolts
Armour
 e - a +0 robe (worn)
 g - a +0 helmet (worn)
 k - a cursed +0 plate armour
Jewellery
 j - a cursed ring of teleportation {unknown}
Scrolls
 c - a scroll of amnesia {unknown}
Potions
 f - a potion of brilliance {unknown}
 i - 2 potions of haste {unknown}


   Skills:
 + Level 1.1 Fighting
 + Level 0.1 Maces & Flails
 + Level 2.7 Crossbows
 + Level 2.4 Dodging
 + Level 1.1 Spellcasting
 + Level 3.2 Hexes


You had 2 spell levels left.
You knew the following spells:

 Your Spells              Type           Power        Failure   Level
a - Corona                Hex            10%          7%          1

Your spell library contained the following spells:

 Spells                   Type           Power        Failure   Level
 Slow                     Hex            9%           11%         2
 Inner Flame              Hex/Fire       5%           38%         3
 Portal Projectile        Hex/Tloc       10%          38%         3
 Cause Fear               Hex            4%           56%         4
 Leda's Liquefaction      Hex/Erth       2%           80%         4


Dungeon Overview and Level Annotations

Branches:
Dungeon (1/15)

Altars:


Innate Abilities, Weirdness & Mutations

You are small and have problems with some larger weapons.
You are completely attuned to the shadows.


Message History

You are too injured to fight recklessly!
You hit the kobold.
The kobold is moderately wounded.
The ball python bites you but does no damage.
The ball python closely misses you. The kobold barely misses you.
A goblin comes into view.
The hobgoblin hits you but does no damage.
The ball python completely misses you. The ball python barely misses you.
The kobold stops glowing.
You hit the kobold but do no damage.
The kobold is moderately wounded.
The kobold hits you with a +0 short sword.
* * * LOW HITPOINT WARNING * * *
The kobold completely misses you.
You hit the kobold.
You kill the kobold!
You have reached level 2!
You completely miss the hobgoblin. The hobgoblin barely misses you.
You hit the hobgoblin but do no damage. The hobgoblin hits you with a +0 club.
You die...

#...#...#...#.....# ...
# #.#...#...#...#.#.#
....#
#...#...#...#...#.#..#
#.
..#...#...#...#.#.#..#.
..
....#...#...#...#......
..
..#...#...#..†#.#.....#
##
.#..#...#...#..#r.....#
....).#...#...##g#...>.
.##.....#..#..##@#S....
.#######.###.##..#r....
.# ### #.#..##....# .#
#.#.# #...g# .# #...#
.# #..##
.###########..##
...............#
#######........#


You could see a hobgoblin and a rat.

Vanquished Creatures
  A hobgoblin (D:1)
  3 bats (D:1)
  3 kobolds (D:1)
7 creatures vanquished.

Notes
Turn   | Place    | Note
-------+----------+-------------------------------------------
     0 | D:1      | Glundar the Kobold Arcane Marksman began the quest for the
                  | Orb.
     0 | D:1      | Reached XP level 1. HP: 12/12 MP: 2/2
   631 | D:1      | Reached XP level 2. HP: 4/16 MP: 1/3
   632 | D:1      | Slain by a hobgoblin

Illustrated notes

Levels and vault maps discovered:
D:1:      onia_arrival_pyramid, layout_rooms, hex_medium, tso_altar

Action                   || total
-------------------------++-------
Melee: Club              ||    43
 Cast: Corona            ||     2
 Stab: Sleeping          ||     3
Armor: Robe              ||    19
Dodge: Dodged            ||    49

Table legend: (Time is in decaauts)
 A = Elapsed time spent in this place.
 B = Non-inter-level travel time spent in this place.
 C = Inter-level travel time spent in this place.
 D = Time resting spent in this place.
 E = Time spent auto-exploring this place.
 F = Levels seen in this place.
 G = Mean time per level.
                   A        B        C        D        E       F      G
               +--------+--------+--------+--------+--------+-----+--------+
         Total |    642 |    642 |      0 |    364 |    125 |   1 |  642.0 |
       Dungeon |    642 |    642 |      0 |    364 |    125 |   1 |  642.0 |
               +--------+--------+--------+--------+--------+-----+--------+

Top non-repeatable levels by time:
     D:1: 642 daAuts
